Map: Emerald City LE

Players

MattBarry

  • Race: Protoss Protoss
  • Spawn Location: 11:00

MattBarry

  • Race: Zerg Zerg
  • Spawn Location: 11:00

CGriff - Winner!

  • Race: Protoss Protoss
  • League: Gold
  • Spawn Location: 5:00

gerojhmeoihn - Winner!

  • Race: Terran Terran
  • League: Gold
  • Spawn Location: 5:00

VOD

Have the link to the VOD?

Description

Time

  • Played on: Dec. 22, 2022, 8:08 p.m.
  • Length: 10:50
Show
View Real Time Build Order
Export as new Build Order

MattBarry Protoss 

Build Orders:  

Get SALT Encoding   

  12  0:00  Probe  
  13  0:12  Probe  
  14  0:17  Pylon  
  14  0:24  Probe  
  15  0:36  Probe  
  15  0:38  Gateway  
  16  0:45  Assimilator  
  16  0:48  Probe (Chrono Boost)  
  17  1:00  Pylon, Probe (Chrono Boost)  
  18  1:06  Probe (Chrono Boost)  
  19  1:18  Probe  
  20  1:25  Cybernetics Core  
  20  1:26  Zealot  
  20  1:30  Probe  
  23  1:42  Probe  
  25  1:54  Probe  
  25  2:00  Nexus  
  25  2:05  Adept  
  27  2:09  Warp Gate (Chrono Boost), Probe  
  28  2:21  Probe  
  29  2:24  Assimilator  
  29  2:26  Pylon  
  29  2:36  Adept  
  31  2:44  Probe  
  31  3:01  Probe  
  32  3:13  Probe  
  32  3:17  Probe  
  32  3:19  Pylon  
  34  3:21  Gateway  
  34  3:22  Gateway  
  34  3:25  Probe  
  34  3:26  Stalker  
  37  3:29  Probe  
  38  3:37  Probe  
  39  3:48  Assimilator  
  39  3:49  Probe x2  
  41  4:01  Pylon, Probe  
  42  4:03  Robotics Facility  
  42  4:07  Stalker  
  42  4:09  Probe  
  45  4:13  Probe  
  45  4:16  Assimilator  
  45  4:17  Stalker  
  48  4:19  Stalker  
  48  4:21  Probe  
  51  4:31  Stargate  
  51  4:32  Stargate  
  51  4:38  Probe x2  
  53  4:41  Pylon  
  53  4:50  Probe x2  
  55  4:54  Sentry x2  
  55  4:58  Stalker  
  61  5:02  Probe x2  
  61  5:06  Observer  
  64  5:17  Probe x2  
  64  5:20  Phoenix x2  
  70  5:35  Nexus  
  70  5:42  Stalker x3  
  76  5:49  Probe x2  
  78  5:53  Pylon  
  78  5:56  Pylon  
  78  5:58  Pylon  
  78  6:08  Probe x2  
  78  6:15  Stalker x3  
  84  6:24  Probe x2  
  84  6:36  Probe x2  
  84  6:50  Probe x2  
  84  6:53  Observer  
  87  6:54  Phoenix x2  
  91  7:02  Probe  
  91  7:03  Stalker  
  91  7:04  Stalker x2  
  91  7:07  Pylon  
  98  7:09  Pylon  
  98  7:14  Probe  
  98  7:15  Probe x2  
  98  7:24  Assimilator  
  98  7:27  Probe x3  
  98  7:28  Assimilator  
  101  7:31  Stalker x3  
  107  7:37  Phoenix  
  107  7:38  Phoenix  
  107  7:42  Probe x2  
  107  7:43  Probe  
  112  8:02  Stalker x3  
  106  8:19  Phoenix x2  
  109  8:31  Stalker x3  
  114  8:44  Phoenix x2  
  114  8:45  Nexus  
  118  8:51  Probe x3  
  118  8:54  Stalker x3  
  127  9:03  Probe x2  
  127  9:09  Phoenix  
  113  9:29  Stalker  
  113  9:30  Stalker  
  113  9:31  Stalker  
  89  9:53  Stalker x2  
  89  9:54  Stalker  
  88  10:10  Probe x3  
  82  10:21  Stalker  
  82  10:22  Stalker, Probe  
  82  10:25  Zealot  
Show
View Real Time Build Order
Export as new Build Order

MattBarry Zerg 

Build Orders: Pool First 

Get SALT Encoding   

  12  0:00  Drone  
  13  0:13  Overlord  
  13  0:22  Drone  
  14  0:34  Spawning Pool  
  13  0:42  Drone  
  14  0:44  Drone  
  15  1:04  Drone  
  16  1:10  Extractor  
  15  1:12  Drone x2  
  17  1:22  Hatchery  
  16  1:31  Queen  
  18  1:41  Drone  
  18  1:42  Zergling x2  
  20  1:50  Overlord  
  20  2:15  Drone x3  
  22  2:19  Metabolic Boost  
  22  2:22  Extractor  
  22  2:31  Evolution Chamber  
  22  2:32  Evolution Chamber  
  20  2:38  Zergling x4  
  22  2:58  Queen  
  22  3:01  Lair  
  22  3:05  Zergling x4  
  25  3:06  Drone  
  25  3:07  Drone  
  28  3:41  Drone x3  
  28  3:43  Zerg Melee Weapons Level 1  
  30  3:58  Hatchery  
  28  4:16  Drone x5  
  28  4:17  Drone  
  32  4:40  Roach Warren  
  32  4:44  Overlord x2  
  31  4:45  Zergling x2  
  31  4:46  Zergling x2  
  33  5:02  Queen  
  33  5:06  Zerg Ground Armor Level 1  
  35  5:14  Pneumatized Carapace  
  35  5:16  Drone  
  35  5:17  Drone x2  
  35  5:18  Drone  
  39  5:24  Glial Reconstitution  
  39  5:37  Zerg Missile Weapons Level 1  
  39  5:55  Drone x7  
  39  5:56  Drone x2  
  48  6:03  Drone, Overlord x2  
  49  6:05  Roach x3  
  53  6:39  Drone x2  
  56  6:40  Drone x2, Overlord x2  
  56  6:41  Roach  
  56  6:42  Roach x6  
  71  6:49  Infestation Pit  
  71  6:52  Spore Crawler  
  69  6:54  Spore Crawler  
  69  6:57  Spore Crawler  
  69  6:59  Spore Crawler  
  66  7:05  Extractor  
  66  7:07  Extractor  
  64  7:22  Hatchery  
  63  7:24  Roach  
  63  7:25  Roach x4  
  73  7:41  Overseer  
  73  7:44  Drone  
  74  7:46  Drone x2  
  76  7:54  Queen  
  78  8:28  Overlord  
  78  8:29  Overlord  
  78  8:30  Roach x2  
  78  8:32  Zerg Missile Weapons Level 2  
  82  8:43  Hydralisk Den  
  82  8:47  Hive  
  81  8:51  Roach  
  81  8:52  Roach x8  
  93  9:30  Zergling x2  
  93  9:31  Zergling x36  
  64  9:47  Roach  
  64  9:48  Roach x4  
  66  9:59  Roach  
  55  10:00  Roach x3  
  54  10:10  Roach  
  54  10:11  Roach  
  40  10:30  Roach  
  40  10:31  Roach  
Show
View Real Time Build Order
Export as new Build Order

CGriff Protoss - Winner!

Build Orders: Zealot Archon 

Get SALT Encoding   

  12  0:00  Probe  
  13  0:12  Probe  
  14  0:20  Pylon  
  14  0:24  Probe  
  15  0:38  Probe (Chrono Boost)  
  15  0:40  Gateway  
  17  0:50  Probe (Chrono Boost)  
  17  0:55  Assimilator  
  17  0:56  Probe (Chrono Boost)  
  18  1:04  Probe  
  19  1:11  Assimilator  
  19  1:16  Probe  
  20  1:22  Pylon  
  20  1:28  Cybernetics Core, Probe  
  21  1:40  Probe  
  22  1:53  Probe  
  23  2:05  Twilight Council, Probe  
  24  2:14  Nexus  
  24  2:19  Probe  
  25  2:25  Warp Gate (Chrono Boost)  
  25  2:26  Stalker  
  27  3:16  Templar Archives  
  27  3:24  Pylon  
  27  3:30  Gateway, Pylon  
  27  3:31  Charge (Chrono Boost)  
  27  3:32  Gateway  
  27  3:35  Gateway  
  27  3:40  Forge  
  27  3:43  Probe (Chrono Boost)  
  28  3:50  Pylon  
  28  3:51  Probe (Chrono Boost)  
  29  3:58  Probe (Chrono Boost)  
  29  4:02  Probe (Chrono Boost)  
  29  4:05  Probe (Chrono Boost)  
  29  4:07  Stalker  
  32  4:19  Assimilator  
  32  4:20  Probe x2  
  32  4:23  Assimilator  
  34  4:34  Protoss Ground Weapons Level 1 (Chrono Boost)  
  34  4:38  Photon Cannon  
  34  4:43  Probe  
  34  4:44  Photon Cannon  
  35  4:58  Robotics Facility, Probe (Chrono Boost)  
  37  5:04  Probe (Chrono Boost)  
  37  5:07  High Templar x2  
  37  5:08  High Templar  
  37  5:09  Probe (Chrono Boost)  
  37  5:12  Probe (Chrono Boost)  
  45  5:19  High Templar  
  47  5:22  Archon  
  47  5:24  Archon  
  47  5:34  Probe x2  
  49  5:37  Gateway  
  49  5:39  Gateway  
  49  5:41  Pylon  
  49  5:46  Probe  
  49  5:48  Observer (Chrono Boost)  
  51  5:52  Probe  
  52  5:58  Probe  
  52  5:59  Pylon  
  52  6:00  Pylon  
  53  6:04  Probe  
  53  6:11  Probe  
  55  6:13  Stalker  
  55  6:14  Stalker x2  
  55  6:16  Probe  
  62  6:24  Warp Prism  
  64  6:40  Stalker x2  
  64  6:41  Zealot x2  
  72  6:57  High Templar x2  
  72  6:59  Protoss Ground Weapons Level 2  
  76  7:04  Archon  
  76  7:06  Zealot x2  
  76  7:08  Zealot x2  
  84  7:27  Zealot x2  
  84  7:28  Zealot  
  84  7:29  Zealot x2  
  94  7:37  Pylon  
  94  7:38  Pylon  
  94  7:41  Pylon  
  94  7:42  Gateway  
  94  7:43  Gateway  
  94  7:56  Nexus  
  94  8:09  Pylon  
  94  8:11  Pylon  
  94  8:13  Pylon  
  94  8:14  Zealot x2  
  98  8:25  Gateway  
  98  8:27  Gateway  
  98  8:29  Forge  
  98  8:33  High Templar x3  
  104  8:34  High Templar  
  104  8:35  High Templar  
  104  8:39  Archon  
  104  8:40  Archon  
  108  8:42  High Templar x2  
  108  8:44  Zealot  
  108  8:47  Archon  
  82  9:49  Stalker x2  
  82  9:50  Stalker x3  
  82  9:51  Zealot x5  
  80  10:27  Zealot x5  
  80  10:28  Zealot x5  
  94  10:32  Probe x3  
  101  10:42  Assimilator  
  95  10:46  Assimilator  
Show
View Real Time Build Order
Export as new Build Order

gerojhmeoihn Terran - Winner!

Build Orders: Hellion Banshee 

Get SALT Encoding   

  12  0:01  SCV  
  13  0:13  SCV  
  14  0:18  Supply Depot  
  14  0:25  SCV  
  15  0:40  SCV  
  15  0:42  Barracks  
  16  0:46  Refinery  
  16  0:52  SCV  
  17  1:04  SCV  
  18  1:16  SCV  
  19  1:28  SCV  
  19  1:30  Reaper  
  21  1:36  Supply Depot  
  21  1:40  Orbital Command  
  21  1:56  Command Center  
  21  2:06  Barracks Reactor  
  21  2:09  SCV, Refinery  
  22  2:17  Supply Depot  
  22  2:21  SCV  
  23  2:33  Factory, SCV  
  24  2:45  SCV  
  24  2:49  Marine x2  
  27  2:57  SCV  
  28  3:07  Supply Depot, Marine x2  
  28  3:08  Orbital Command  
  28  3:09  SCV  
  30  3:21  SCV  
  31  3:34  Starport  
  31  3:39  SCV  
  31  3:40  Barracks Tech Lab, SCV, Barracks  
  33  3:48  Barracks  
  33  3:51  SCV  
  33  3:52  SCV  
  33  3:54  Hellion  
  33  3:55  Hellion  
  39  4:03  SCV  
  40  4:12  SCV  
  40  4:15  SCV, Hellion  
  40  4:16  Hellion  
  46  4:23  Refinery  
  46  4:24  SCV  
  46  4:27  SCV  
  46  4:28  Refinery  
  48  4:35  Barracks Tech Lab  
  48  4:36  SCV  
  49  4:39  SCV  
  49  4:44  Barracks Tech Lab  
  50  4:48  Barracks Reactor  
  50  4:49  SCV, Engineering Bay  
  50  4:51  SCV, Engineering Bay  
  50  4:52  Hellion x2  
  56  4:57  Banshee  
  59  5:00  Cloaking Field  
  59  5:02  SCV  
  59  5:04  SCV  
  61  5:13  Marine  
  62  5:21  Supply Depot x2  
  62  5:27  Combat Shield  
  62  5:30  Terran Infantry Weapons Level 1  
  62  5:32  Terran Infantry Armor Level 1  
  62  5:42  Widow Mine x2, Marine x3, SCV x2  
  71  5:43  Supply Depot  
  71  5:44  Supply Depot, Marine  
  71  5:46  Medivac  
  74  5:54  SCV  
  74  5:55  SCV  
  76  6:00  Marine x2  
  78  6:04  Marine x2  
  76  6:13  Widow Mine  
  76  6:14  Widow Mine, SCV x2  
  76  6:17  Marine x2  
  82  6:22  Marine x2  
  84  6:26  SCV x2, Command Center  
  84  6:28  Supply Depot  
  86  6:34  Supply Depot  
  86  6:46  Stimpack  
  86  6:50  Marine, SCV  
  88  6:57  Marine x3  
  88  6:58  Widow Mine  
  93  7:12  Marine  
  94  7:19  Supply Depot  
  94  7:20  Supply Depot  
  94  7:21  Supply Depot  
  94  7:35  Armory  
  94  7:38  Widow Mine, Marine x4, Medivac  
  102  7:47  Widow Mine  
  104  7:55  Marine x4  
  101  8:08  Medivac  
  100  8:13  Marine x3  
  100  8:18  Marine  
  103  8:20  Widow Mine x2  
  103  8:21  Terran Infantry Armor Level 2, Terran Infantry Weapons Level 2  
  103  8:24  Terran Vehicle Weapons Level 1  
  103  8:25  SCV x2  
  107  8:29  Orbital Command  
  107  8:31  Marine  
  107  8:32  Marine x2  
  110  8:37  SCV x2  
  110  8:38  Medivac  
  114  8:43  Marine  
  114  8:44  Widow Mine x2  
  114  8:46  Starport  
  114  8:47  Barracks  
  119  8:49  Barracks, Marine, SCV x2  
  122  9:01  SCV x2  
  124  9:06  Widow Mine  
  124  9:08  Medivac  
  128  9:13  SCV x2  
  130  9:19  Marine x4  
  126  9:30  Widow Mine  
  126  9:31  Widow Mine  
  130  9:36  Marine  
  130  9:37  Marine x2  
  133  9:51  Marine  
  133  9:54  Widow Mine  
  133  9:55  Medivac  
  133  9:56  Marine x2  
  133  9:57  Marine  
  132  10:09  Marine  
  133  10:14  Marine x2  
  133  10:17  Marine  
  133  10:30  Barracks Tech Lab, Barracks Reactor  
  133  10:36  Supply Depot  
  133  10:38  Supply Depot  
  133  10:39  Supply Depot, Refinery  
  133  10:41  Refinery  
Tags
 
Add a new tag
Caveats
  • Supply blocks, unpowered buildings, or Contaminate may cause inaccurate times.
  • Supply counts are checked every 10 seconds.